 Dungeon Crawl Stone Soup version 0.20-a0-259-gc929cd2 (webtiles) character file.

96735 Faca the Severer (level 16, -3/129 HPs)
             Began as a Formicid Fighter on Dec 2, 2016.
             Was the Champion of Okawaru.
             Killed from afar by a starcursed mass (13 damage)
             ... with an accursed screaming
             ... on level 1 of the Abyss.
             The game lasted 02:05:47 (25975 turns).

Faca the Severer (Formicid Fighter)                Turns: 25975, Time: 02:05:48

Health: -3/129     AC: 20    Str: 29    XL:     16   Next: 67%
Magic:  21/21      EV: 10    Int: 10    God:    Okawaru [******]
Gold:   655        SH: 16    Dex: 21    Spells: 15/15 levels left

rFire  + + .     SeeInvis +     s - +8 battleaxe (freeze)
rCold  + . .     Gourm    .     u - +0 crystal plate armour
rNeg   + . .     Faith    .     c - +1 shield
rPois  +         Spirit   .     (helmet unavailable)
rElec  +         Reflect  .     C - +1 cloak {rPois}
rCorr  +         Harm     .     b - +0 pair of gloves of Polytheism {Str+4}
MR     ++++.     Clarity  +     J - +1 pair of boots of Vampiric Thralls {rCorr MP+9 Int+4}
Stlth  ..........               K - amulet of the Four Winds {rN+ MR+++ Clar}
                                B - +6 ring of dexterity
                                I - ring "Suibaosi" {-Tele rPois rF+ Str+4}

@: resistant, studying Maces & Flails
A: permanent stasis, dig shafts and tunnels, four strong arms, antennae 3,
blurry vision 3, deformed body, dopey 2, low mp 2
a: Dig, Shaft Self, Heroism, Finesse, Renounce Religion


You were on level 1 of the Abyss.
You worshipped Okawaru.
Okawaru was exalted by your worship.
You were not hungry.

You visited 4 branches of the dungeon, and saw 22 of its levels.
You visited the Abyss 1 time.
You also visited: Sewer and Ossuary.

You collected 2398 gold pieces.
You spent 1743 gold pieces at shops.

Inventory:

Hand Weapons
 s - a +8 battleaxe of freezing (weapon)
 D - a +5 dire flail of protection
Armour
 b - the +0 pair of gloves of Polytheism (worn) {Str+4}
   (You found it on level 11 of the Dungeon)

   It affects your strength (+4).
 c - a +1 shield (worn)
 n - the +4 chain mail of the Pit {*Slow rF+++ MR+++ Stlth-}
   (You took it off an orc warrior on level 2 of the Orcish Mines)

   It renders you almost immune to fire.
   It affects your resistance to hostile enchantments.
   It may slow you when you take damage.
   It makes you less stealthy.
 u - a +0 crystal plate armour (worn)
 C - a +1 cloak of poison resistance (worn)
 J - the +1 pair of boots of Vampiric Thralls (worn) {rCorr MP+9 Int+4}
   (Okawaru gifted it to you on level 2 of the Orcish Mines)

   It affects your intelligence (+4).
   It affects your magic capacity (+9).
   It protects you from acid and corrosion.
Jewellery
 a - an uncursed ring of fire
 h - an uncursed ring of resist corrosion
 l - an uncursed ring of magical power {unknown}
 B - a +6 ring of dexterity (right hand)
 I - the ring "Suibaosi" (left hand) {-Tele rPois rF+ Str+4}
   (You bought it in a shop on level 2 of the Orcish Mines)

   [ring of protection from fire]

   It affects your strength (+4).
   It protects you from fire.
   It protects you from poison.
   It prevents most forms of teleportation.
 K - the amulet of the Four Winds (around neck) {rN+ MR+++ Clar}
   (You bought it in a shop on level 2 of the Orcish Mines)

   [amulet of nothing]

   It protects you from negative energy.
   It affects your resistance to hostile enchantments.
   It protects you against confusion.
Scrolls
 m - 8 scrolls of remove curse
 o - a scroll of brand weapon
 q - 3 scrolls of enchant armour
 r - a scroll of fear
 v - 2 scrolls of magic mapping
 w - 6 scrolls of identify
 y - 4 scrolls of fog
 G - a scroll of summoning
 H - a scroll of recharging
Potions
 d - 3 potions of might
 e - 20 potions of curing
 g - 4 potions of flight
 i - 2 potions of brilliance
 k - 7 potions of agility
 t - 3 potions of ambrosia
 x - 5 potions of lignification
 A - 4 potions of cure mutation
 E - a potion of invisibility
Books
 L - a manual of Maces & Flails
Miscellaneous
 z - a box of beasts
Comestibles
 f - 11 bread rations


   Skills:
 + Level 12.9 Fighting
 + Level 15.5(17.0) Axes
 + Level 12.3(15.4) Maces & Flails
 + Level 10.6 Armour
 + Level 6.4 Dodging
 + Level 14.3 Shields


You had 15 spell levels left.
You didn't know any spells.

Dungeon Overview and Level Annotations

Branches:
Dungeon (13/15)            Temple (1/1) D:7            Lair (6/6) D:8
  Swamp (0/4) Lair:4       Spider (0/4) Lair:4        Slime (0/5) Lair:5
    Orc (2/2) D:10            Elf (0/3) Orc:2
 Vaults: D:13-14

Altars:
Ashenzari
Cheibriados
Dithmenos
Elyvilon
Fedhas
Gozag
Hepliaklqana
Makhleb
Nemelex Xobeh
Okawaru
Qazlal
Ru
Sif Muna
Trog
Uskayaw
Vehumet
Xom
Yredelemnul
Zin
The Shining One
Beogh

Shops:
Orc:1 [   Orc:2 ==*[![*(=

Annotations:
D:13 Sonja


Innate Abilities, Weirdness & Mutations

You cannot be hasted, slowed, berserked, paralysed or teleported.
You can dig through walls and to a lower floor.
Your four strong arms can wield two-handed weapons with a shield.
You have a pair of large antennae on your head. (SInv)
[Scrolls take you much longer to read.]
[Armour fits poorly on your strangely shaped body.]
[You are very dopey. (Int -4)]
[Your magical capacity is very low. (-20% MP)]


Message History

The wretched star glows turbulently.
The orb of energy misses you.
The orb of energy explodes!
You hear a shout!
A deafening chorus of shrieks assaults your mind!
* * * LOW HITPOINT WARNING * * *
Your stasis prevents you from being paralysed.
The wretched star glows turbulently.
The orb of energy hits you!
* * * LOW HITPOINT WARNING * * *
A starcursed mass splits.
The quasit disappears in a puff of smoke!
You slice the large abomination!! You freeze the large abomination!
The large abomination is severely damaged.
A starcursed mass splits.
The large abomination closely misses you.
You slice the large abomination!! You freeze the large abomination.
You destroy the large abomination!
Okawaru accepts your kill.
A deafening chorus of shrieks assaults your mind!
You die...

##. .. . {. .. ###.
.. .. ## .##. #.###
#.# #
#.....#.@##.###...
#......#....#
#.###.#.X.#.#.# #..
.*##XX.5. .
#...###..#X...##{.#.#
##. .. #.#...### ...
# .. #..#{5X {{.#...
####XX.# ##.#{#....
#.X.###..{#. ..


You could see 6 starcursed masses, a wretched star, a quasit and a white imp.

Vanquished Creatures
  Gastronok (Lair:2)
  2 orc warlords
  A stone giant (Orc:1)
  Nessos (D:13)
  6 dire elephants (Lair:6)
  An ettin (Orc:2)
  Josephine (D:11)
  5 hydras
  An anaconda (Lair:6)
  A centaur warrior (D:13)
  An ogre mage (Orc:1)
  A queen ant (Lair:3)
  18 death yaks
  Urug (Orc:1)
  Nergalle (Lair:3)
  6 orc high priests (Orc:2)
  A deep elf knight (Orc:2)
  The ghost of buddhastalin the Basher, a novice FoFi of Uskayaw (D:6)
  An unseen horror (D:11)
  2 hill giants
  A lindwurm (Lair:6)
  An orb spider (Lair:4)
  4 orc knights (Orc:2)
  5 oklob plants
  2 large abominations (Abyss:1)
  2 deep elf magi (Orc:2)
  An ugly thing (D:11)
  7 orc sorcerers
  A manticore (D:13)
  16 elephants
  2 black mambas
  A torpor snail (Lair:5)
  13 spiny frogs
  9 komodo dragons
  2 centaur skeletons (D:13)
  2 rime drakes
  5 trolls
  3 two-headed ogres
  5 slime creatures (D:12)
  A hornet (D:11)
  The ghost of Jarlath the Carver, an amateur HEMo (D:4)
  10 blink frogs
  7 dream sheep (Lair:4)
  15 hippogriffs
  A shadow (D:13)
  A spriggan (shapeshifter) (D:13)
  5 wraiths (D:11)
  A human (D:7)
  31 yaks
  2 steam dragons
  Grum (D:9)
  3 hogs (D:7)
  3 hungry ghosts
  2 basilisks
  A swamp worm (Lair:4)
  4 wargs
  20 soldier ants (Lair:3)
  12 water moccasins
  Duvessa (D:5)
  7 porcupines
  3 ice beasts
  7 sky beasts
  28 orc warriors
  An eye of draining (D:11)
  7 black bears
  10 ogres
  2 phantoms
  14 crocodiles
  10 centaurs
  26 wolves
  6 big kobolds
  20 bullfrogs
  Blork the orc (D:5)
  A gnoll sergeant (D:9)
  Dowan (D:5)
  A small abomination (Abyss:1)
  2 scorpions
  A wyvern skeleton (D:13)
  5 killer bees (D:9)
  9 howler monkeys
  An electric eel (D:6)
  3 crimson imps
  2 centaur zombies
  A bullfrog zombie (D:5)
  A quasit (D:5)
  6 hounds
  13 jellies
  A human zombie (Ossuary)
  27 orc priests
  5 bullfrog skeletons
  Jessica (D:3)
  2 iguanas (D:5)
  Terence (D:3)
  34 orc wizards
  27 worker ants
  A killer bee zombie (D:8)
  2 big kobold zombies (Ossuary)
  A hound zombie (D:5)
  3 hound skeletons
  3 mummies (Ossuary)
  2 worker ant zombies
  18 adders
  8 gnolls
  3 shadow imps
  2 oozes
  An adder skeleton (D:8)
  4 worms
  2 dart slugs (D:1)
  8 leopard geckos
  73 orcs
  8 giant cockroaches
  4 goblins
  11 hobgoblins
  9 jackals
  6 quokkas
  2 ball pythons (D:1)
  16 bats
  5 frilled lizards
  2 goblin zombies (Ossuary)
  28 kobolds
  2 orc zombies (Ossuary)
  A quokka skeleton (D:6)
  A quokka zombie (D:9)
  12 rats
  A rat zombie (D:7)
  2 bushes
  9 fungi
  9 plants
803 creatures vanquished.

Vanquished Creatures (collateral kills)
  A troll (D:9)
1 creature vanquished.

Vanquished Creatures (others)
  A small abomination (Abyss:1)
  An iguana (D:5)
  29 fungi
  17 plants
48 creatures vanquished.

Grand Total: 852 creatures vanquished

Notes
Turn   | Place    | Note
-------+----------+-------------------------------------------
     0 | D:1      | Faca the Formicid Fighter began the quest for the Orb.
     0 | D:1      | Reached XP level 1. HP: 18/18 MP: 1/1
    78 | D:1      | Reached XP level 2. HP: 24/24 MP: 2/2
   252 | D:1      | Reached XP level 3. HP: 25/29 MP: 3/3
   650 | D:2      | Reached XP level 4. HP: 36/37 MP: 4/4
   722 | D:2      | Reached skill level 3 in Axes
  1162 | D:2      | Reached XP level 5. HP: 42/42 MP: 5/5
  1423 | D:3      | Found a sparkling altar of Nemelex Xobeh.
  1429 | D:3      | Noticed Jessica
  1437 | D:3      | Killed Jessica
  1464 | D:3      | Noticed Terence
  1477 | D:3      | Reached skill level 4 in Axes
  1485 | D:3      | Killed Terence
  1485 | D:3      | Reached XP level 6. HP: 27/48 MP: 6/6
  1499 | D:3      | Found a glowing drain.
  1539 | D:3      | Reached skill level 1 in Dodging
  1592 | Sewer    | Entered a sewer
  1865 | Sewer    | Reached skill level 1 in Maces & Flails
  1865 | Sewer    | Reached XP level 7. HP: 42/54 MP: 7/7
  1871 | Sewer    | Reached skill level 5 in Shields
  2468 | D:3      | Found a faded altar of an unknown god.
  2684 | D:4      | Reached XP level 8. HP: 39/61 MP: 8/8
  2747 | D:4      | Found an opulent altar of Gozag.
  2965 | D:4      | Noticed Jarlath's ghost (amateur HEMo)
  2983 | D:4      | Killed Jarlath's ghost
  3425 | D:4      | Found a deep blue altar of Sif Muna.
  3490 | D:5      | Entered Level 5 of the Dungeon
  3547 | D:5      | Reached skill level 5 in Fighting
  3547 | D:5      | Reached skill level 5 in Maces & Flails
  3547 | D:5      | Reached skill level 5 in Armour
  3937 | D:5      | Reached XP level 9. HP: 68/68 MP: 9/9
  3948 | D:5      | Noticed Blork the orc
  3960 | D:5      | Killed Blork the orc
  4172 | D:5      | Noticed Duvessa
  4172 | D:5      | Noticed Dowan
  4181 | D:5      | Killed Duvessa
  4184 | D:5      | Killed Dowan
  4641 | D:6      | Noticed buddhastalin's ghost (novice FoFi)
  4653 | D:6      | Killed buddhastalin's ghost
  4771 | D:6      | Found a hide-covered altar of Uskayaw.
  4817 | D:6      | Reached XP level 10. HP: 58/76 MP: 10/10
  5964 | D:7      | Found a staircase to the Ecumenical Temple.
  5970 | Temple   | Entered the Ecumenical Temple
  6035 | Temple   | Became a worshipper of Warmaster Okawaru
  6062 | D:7      | Found a sand-covered staircase.
  6073 | Ossuary  | Entered an ossuary
  6860 | D:7      | Reached * piety under Okawaru
  7152 | D:7      | Found a glowing silver altar of Zin.
  7238 | D:8      | Found a shadowy altar of Dithmenos.
  7238 | D:8      | Noticed an oklob plant
  7245 | D:8      | HP: 1/77 [acid (15)]
  7697 | D:8      | Noticed a hill giant
  7716 | D:8      | Killed a hill giant
  7716 | D:8      | Reached ** piety under Okawaru
  7716 | D:8      | Reached XP level 11. HP: 74/84 MP: 11/11
  7832 | D:8      | Found a staircase to the Lair.
  7868 | D:8      | Reached skill level 5 in Dodging
  8023 | D:8      | Found a stormy altar of Qazlal.
  8495 | D:9      | Reached skill level 10 in Maces & Flails
  8509 | D:9      | Found a glowing golden altar of the Shining One.
  8535 | D:9      | Reached *** piety under Okawaru
  8718 | D:9      | Noticed Grum
  8754 | D:9      | Killed Grum
  9479 | D:10     | Entered Level 10 of the Dungeon
  9486 | D:10     | Reached **** piety under Okawaru
  9576 | D:10     | Reached skill level 10 in Shields
  9844 | D:10     | Found a staircase to the Orcish Mines.
 10164 | D:11     | Noticed a red ugly thing
 10178 | D:11     | Killed a red ugly thing
 10204 | D:11     | Reached XP level 12. HP: 91/94 MP: 9/12
 10625 | D:11     | Noticed Josephine
 10645 | D:11     | Killed Josephine
 10645 | D:11     | Reached ***** piety under Okawaru
 11041 | D:11     | Got a pair of dazzling gloves
 11047 | D:11     | Identified the +0 pair of gloves of Polytheism {Str+4} (You found it on level 11 of the Dungeon)
 11777 | D:11     | Noticed an unseen horror
 11789 | D:11     | Killed an unseen horror
 11811 | D:12     | Received a gift from Okawaru
 12393 | D:12     | Reached skill level 5 in Axes
 12661 | Lair:1   | Entered Level 1 of the Lair of Beasts
 12791 | Lair:1   | Noticed a six-headed hydra
 12802 | Lair:1   | Killed a six-headed hydra
 12802 | Lair:1   | Reached skill level 6 in Axes
 12802 | Lair:1   | Reached XP level 13. HP: 73/102 MP: 13/13
 12860 | Lair:1   | Received a gift from Okawaru
 13329 | Lair:1   | Reached skill level 7 in Axes
 13500 | Lair:1   | Reached skill level 10 in Fighting
 13906 | Lair:1   | Reached skill level 8 in Axes
 14380 | Lair:2   | Noticed Gastronok
 14408 | Lair:2   | Killed Gastronok
 14408 | Lair:2   | Reached skill level 9 in Axes
 14980 | Lair:2   | Noticed a four-headed hydra
 14985 | Lair:2   | Killed a four-headed hydra
 15040 | Lair:3   | Noticed a four-headed hydra
 15053 | Lair:3   | Killed a four-headed hydra
 15053 | Lair:3   | Reached ****** piety under Okawaru
 15337 | Lair:3   | Reached XP level 14. HP: 63/111 MP: 14/14
 15699 | Lair:3   | Noticed Nergalle
 15714 | Lair:3   | Killed Nergalle
 15714 | Lair:3   | Received a gift from Okawaru
 15714 | Lair:3   | Reached skill level 10 in Axes
 16561 | Lair:3   | Reached skill level 11 in Axes
 16855 | Lair:4   | Received a gift from Okawaru
 17250 | Lair:4   | Found a staircase to the Swamp.
 17310 | Lair:4   | Found a hole to the Spider Nest.
 17697 | Lair:4   | Reached skill level 12 in Axes
 18225 | Lair:5   | Received a gift from Okawaru
 18776 | Lair:5   | Found a staircase to the Slime Pits.
 19011 | Lair:5   | Reached XP level 15. HP: 80/119 MP: 15/15
 19312 | Lair:5   | You fall through a shaft!
 19312 | Lair:6   | Entered Level 6 of the Lair of Beasts
 19515 | Lair:6   | Reached skill level 13 in Axes
 20163 | Lair:6   | Received a gift from Okawaru
 20544 | Lair:6   | HP: 6/120 [dire elephant (6)]
 20547 | Lair:6   | Reached skill level 10 in Armour
 21404 | Lair:6   | Reached skill level 14 in Axes
 22438 | Orc:1    | Entered Level 1 of the Orcish Mines
 22458 | Orc:1    | Found a roughly hewn altar of Beogh.
 22541 | Orc:1    | Noticed Urug
 22549 | Orc:1    | Killed Urug
 22587 | Orc:1    | Found Wipeq's Armour Shoppe.
 22839 | Orc:2    | Entered Level 2 of the Orcish Mines
 22839 | Orc:2    | Found Laclih's Distillery.
 22845 | Orc:2    | Bought 2 potions of heal wounds for 140 gold pieces
 22860 | Orc:2    | Found Diott's Jewellery Boutique.
 22878 | Orc:2    | Reached XP level 16. HP: 125/128 MP: 16/16
 22890 | Orc:2    | Bought a +6 ring of dexterity for 585 gold pieces
 22890 | Orc:2    | Bought the ring "Suibaosi" {-Tele rPois rF+ Str+4} for 390 gold pieces
 22890 | Orc:2    | Bought a cursed amulet of inaccuracy for 20 gold pieces
 22979 | Orc:2    | Found a staircase to the Elven Halls.
 22980 | Orc:2    | Found Vaunwup's Jewellery Shoppe.
 22988 | Orc:2    | Found Agedgh's Assorted Antiques.
 23091 | Orc:2    | Found Teabug's Antique Armour Boutique.
 23098 | Orc:2    | Bought a scroll labeled QUPTUUXORCH for 32 gold pieces
 23157 | Orc:2    | Bought a scroll of identify for 64 gold pieces
 23157 | Orc:2    | Bought a scroll of identify for 64 gold pieces
 23743 | Orc:2    | Received a gift from Okawaru
 23744 | Orc:2    | Got a pair of spiked boots {god gift}
 23990 | Orc:1    | Identified the +1 pair of boots of Vampiric Thralls {rCorr MP+9 Int+4} (Okawaru gifted it to you on level 2 of the Orcish Mines)
 24419 | Orc:2    | Found Edehogud's General Store.
 24420 | Orc:2    | Found Dupsankupt's Jewellery Shop.
 24421 | Orc:2    | Found Xuochi's Antique Armour Boutique.
 24421 | Orc:2    | Found Sise Ofenuq's Antique Weapon Boutique.
 24440 | Orc:2    | Bought the amulet of the Four Winds {rN+ MR+++ Clar} for 448 gold pieces
 24452 | Orc:2    | Reached skill level 15 in Axes
 24601 | Orc:2    | Got a bloodstained chain mail
 24852 | Orc:2    | Identified the +4 chain mail of the Pit {*Slow rF+++ MR+++ Stlth-} (You took it off an orc warrior on level 2 of the Orcish Mines)
 25630 | D:13     | Noticed Nessos
 25658 | D:13     | Killed Nessos
 25769 | D:13     | Noticed Sonja
 25770 | D:13     | Cast into level 1 of the Abyss (Sonja)
 25947 | Abyss:1  | Noticed a tentacled starspawn
 25947 | Abyss:1  | HP: 2/129 [starcursed mass/accursed screaming (7)]
 25975 | Abyss:1  | Killed from afar by a starcursed mass

Vault maps used:
D:1:      grunt_arrival_lava_bath, grunt_decor_mini_mirrors
D:2:      minmay_diamond_boxcup
D:3:      gup_sewer_entry_glass, first_bread, chequers_ecumenical_altar_simple,
          nemelex_diamond_rough_becter, uniq_terence, uniq_jessica
D:4:      grunt_gozag_breadcrumbs, lemuel_blue_sif_altar
D:5:      black_bear_nest_1, minmay_gold_behind_fungi, minivault_14,
          uniq_duvessa, uniq_blork_the_orc
D:6:      basic_altar, minivault_4
D:7:      nicolae_overflow_hidden_temple, enter_ossuary_3, grunt_livestock
D:8:      lemuel_crystal_altar, due_lair_maze_entry_diamond, lemuel_oklob_altar
D:9:      tso_metal_star, uniq_grum
D:10:     minmay_flawed_box, orc_0_dummy
D:11:     uniq_josephine
D:12:     nrook_pool_corridor
D:13:     serial_co_window_serial, co_window_corner_a, co_window_cross_1,
          co_window_of_opportunity_a, co_window_of_opportunity_a,
          co_window_paths_a, co_window_2corner, co_window_of_opportunity_b,
          co_window_broadway_b, co_window_broadway_a, co_window_paths_e,
          glass_columns_a, glass_columns_a, uniq_nessos, uniq_sonja
Temple:   eino_temple_rhombus
Lair:1:   beast_lair_carwin_9
Lair:2:   uniq_gastronok
Lair:3:   minivault_29, infiniplex_staircase_pool_2, minmay_lair_oklob_chamber,
          uniq_nergalle
Lair:4:   minmay_swamp_entry_worms, nicolae_spider_entry_orb_guardian
Lair:5:   beast_lair_carwin_large_4, minmay_slime_entry_jelly_boxes,
          st_stairs_12, grunt_forest_small_clearings
Lair:6:   due_jungle_book
Orc:1:    serial_shops, nicolae_shop_crystal, basic_altar, uniq_urug
Orc:2:    st_orc_congregation, serial_shops, shop_fountains, shop, shop, shop,
          nicolae_shop_waterfront, elf_legates
Sewer:    kennysheep_pipe_town
Ossuary:  ossuary_crypta

Skill      XL: |  1  2  3  4  5  6  7  8  9 10 11 12 13 14 15 16 |
---------------+-------------------------------------------------+-----
Shields        | 4 5 6 7 8 10 11 12 13 14 | 14.3
Axes           | 3 4 6 9 12 14 15 | 15.5
Armour         | 4 5 6 7 8 9 10 | 10.6
Fighting       | 4 5 6 7 8 9 10 11 12 | 12.9
Dodging        | 1 2 4 5 6 |  6.4
Maces & Flails | 1 3 5 7 9 11 12 | 12.3

Action                   |  1- 3 |  4- 6 |  7- 9 | 10-12 | 13-15 | 16-18 || total
-------------------------+-------+-------+-------+-------+-------+-------++-------
Melee: War axe           |    69 |   114 |       |       |       |       ||   183
       Flail             |       |    48 |   340 |   381 |       |       ||   769
       Dire flail        |       |       |       |   511 |    41 |       ||   552
       Battleaxe         |       |       |       |    56 |   851 |   254 ||  1161
 Abil: Dig               |       |       |       |     1 |     5 |     1 ||     7
  Use: Scroll            |     4 |     3 |     6 |    16 |     2 |     5 ||    36
       Potion            |       |     3 |     3 |     7 |     9 |     4 ||    26
  Eat: Meat ration       |       |     1 |     1 |     1 |     5 |       ||     8
       Bread ration      |       |       |     1 |     1 |       |     1 ||     3
       Fruit             |       |       |       |     3 |     4 |       ||     7
       Beef jerky        |       |       |       |     3 |     1 |       ||     4
       Pizza             |       |       |       |     7 |       |     2 ||     9
       Chunk             |       |       |       |     2 |       |       ||     2
       Royal jelly       |       |       |       |     4 |     2 |       ||     6
Armor: Scale mail        |    22 |       |       |       |       |       ||    22
       Ring mail         |    11 |    94 |   149 |   232 |     2 |       ||   488
       Chain mail        |       |    11 |       |       |       |       ||    11
       Skin              |       |       |    49 |    29 |       |       ||    78
       Crystal plate arm |       |       |       |       |   365 |    93 ||   458
Dodge: Dodged            |    22 |    85 |   187 |   386 |   168 |    71 ||   919
Block: Shield            |    29 |   139 |   267 |   545 |   496 |   222 ||  1698
